 Dungeon Crawl Stone Soup version 0.24.0-1-gfbc8707 (webtiles) character file.

Game seed: 9683725252752062950, levelgen mode: deterministic

562 Buxparty the Poker (level 7, -2/50 HPs)
             Began as a Mummy Gladiator on Jan 11, 2020.
             Slain by Crazy Yiuf
             ... wielding a +4 quarterstaff of chaos
              (10 damage)
             ... on level 3 of the Dungeon.
             The game lasted 00:07:08 (3080 turns).

Buxparty the Poker (Mummy Gladiator)                Turns: 3080, Time: 00:07:08

Health: -2/50      AC:  4    Str: 20    XL:     7   Next: 10%
Magic:  7/7        EV: 14    Int:  7    God:
Gold:   264        SH:  0    Dex: 13    Spells: 6/6 levels left

rFire    x . .     SeeInvis .   a - +0 trident
rCold    + . .     Gourm    .   (no shield)
rNeg     + + +     Faith    .   b - +0 leather armour
rPois    ∞         Spirit   .   o - +0 helmet
rElec    .         Reflect  .   (no cloak)
rCorr    .         Harm     .   (no gloves)
MR       .....                  (no boots)
Stlth    +.........             (no amulet)
HPRegen  0.16/turn              (no ring)
MPRegen  0.10/turn              (no ring)

@: no status effects
A: no food or potions, fire vulnerability, cold resistance 1, negative energy
resistance 3, torment resistance, unbreathing
a: no special abilities


You were on level 3 of the Dungeon.
You were not hungry.

You visited 1 branch of the dungeon, and saw 3 of its levels.

You collected 264 gold pieces.

Inventory:

Hand Weapons
 a - a +0 trident (weapon)
Missiles
 d - 3 throwing nets (quivered)
Armour
 b - a +0 leather armour (worn)
 c - a +0 helmet
 o - a +0 helmet (worn)
Jewellery
 f - an uncursed ring of protection from cold {unknown}
 k - an uncursed amulet of guardian spirit {unknown}
Wands
 p - a wand of polymorph (11)
Scrolls
 e - 2 scrolls of fear {unknown}
 g - 2 scrolls of identify {unknown}
 h - a scroll of enchant armour {unknown}
 i - a scroll of magic mapping {unknown}
 j - 2 scrolls of enchant weapon {unknown}
 l - a scroll of teleportation {unknown}
 m - a scroll of remove curse {unknown}
 n - a scroll of random uselessness {unknown}


   Skills:
 - Level 2.0 Fighting
 * Level 5.7 Polearms
 - Level 1.5 Throwing
 + Level 4.3 Dodging


You had 6 spell levels left.
You didn't know any spells.
Your spell library was empty.

Dungeon Overview and Level Annotations

Branches:
Dungeon (3/15)

Altars:
Xom

Annotations:
D:3 Crazy Yiuf


Innate Abilities, Weirdness & Mutations

You do not eat or drink.
Your flesh is vulnerable to fire.
You are immune to poison.
Your flesh is cold resistant. (rC+)
You are immune to negative energy. (rN+++)
You are immune to unholy pain and torment.
You can survive without breathing.


Message History

Attack whom?
Press: ? - help, Dir - move target cursor, f - Crazy Yiuf
Aim: Crazy Yiuf, wielding a +4 quarterstaff of chaos and wearing a +0 cloak (berserk, fast, unusually strong)
You reach to attack!
You puncture Crazy Yiuf!
Crazy Yiuf is moderately wounded.
You barely miss Crazy Yiuf.
Crazy Yiuf is moderately wounded.
Crazy Yiuf barely misses you.
Crazy Yiuf hits you with a +4 quarterstaff of chaos!!
Crazy Yiuf freezes you.
You hit Crazy Yiuf.
Crazy Yiuf is heavily wounded.
Crazy Yiuf hits you with a +4 quarterstaff of chaos!
* * * LOW HITPOINT WARNING * * *
Crazy Yiuf freezes you.
* * * LOW HITPOINT WARNING * * *
You puncture Crazy Yiuf!
Crazy Yiuf is severely wounded.
Crazy Yiuf hits you with a +4 quarterstaff of chaos!
You die...

.P.....
#.############
#PP..P#
#............##
###..#
#.##########..#
#.# ### ##.## .#
#..# ##.# ###
♣♣###.# #)..#♣♣
♣♣.+...#
#...g@♣♣♣♣......#
#...#♣..♣......##
### ♣♣♣.♣..+.##
♣♣♣♣♣###


You could see Crazy Yiuf (berserk).

Vanquished Creatures
  Sigmund (D:3)
  An ice beast (D:2)
  An ogre (D:2)
  An orc wizard (D:3)
  Natasha (twice) (D:3)
  Terence (D:3)
  3 adders (D:2)
  3 oozes
  2 worms
  A dart slug (D:2)
  3 leopard geckos
  4 orcs
  13 bats
  5 giant cockroaches
  8 goblins
  10 hobgoblins
  4 jackals
  2 ball pythons
  4 frilled lizards
  4 kobolds
  14 rats
87 creatures vanquished.

Vanquished Creatures (others)
  2 fungi (D:3)
  4 toadstools (D:3)
6 creatures vanquished.

Grand Total: 93 creatures vanquished

Notes
Turn   | Place    | Note
-------+----------+-------------------------------------------
     0 | D:1      | Buxparty the Mummy Gladiator began the quest for the Orb.
     0 | D:1      | Reached XP level 1. HP: 16/16 MP: 1/1
   206 | D:1      | Reached XP level 2. HP: 13/22 MP: 2/2
   362 | D:1      | Reached skill level 3 in Polearms
   505 | D:1      | Reached XP level 3. HP: 27/27 MP: 3/3
  1323 | D:2      | You fall into a shaft and drop 1 floor!
  1383 | D:3      | Noticed Terence
  1408 | D:3      | Killed Terence
  1408 | D:3      | Reached XP level 4. HP: 7/33 MP: 4/4
  1765 | D:3      | Reached skill level 4 in Polearms
  1824 | D:2      | Noticed an ice beast
  1826 | D:2      | Noticed an ogre
  1998 | D:3      | Noticed Sigmund
  2013 | D:2      | Reached XP level 5. HP: 29/38 MP: 5/5
  2228 | D:2      | Killed an ice beast
  2478 | D:2      | Killed an ogre
  2478 | D:2      | Reached skill level 5 in Polearms
  2478 | D:2      | Reached XP level 6. HP: 44/44 MP: 6/6
  2500 | D:3      | Killed Sigmund
  2774 | D:3      | Found a shimmering altar of Xom.
  2827 | D:3      | Noticed Natasha
  2837 | D:3      | Killed Natasha
  2837 | D:3      | Reached XP level 7. HP: 27/50 MP: 7/7
  3022 | D:3      | Noticed Natasha
  3029 | D:3      | Killed Natasha
  3072 | D:3      | Found a runed translucent door.
  3073 | D:3      | Noticed Crazy Yiuf
  3080 | D:3      | Slain by Crazy Yiuf

Levels and vault maps discovered:
D:1:      lemuel_arrival_lava_pool, layout_basic
D:2:      layout_basic, minmay_divided_ellipse
D:3:      layout_basic, first_ration, minmay_fountain_box,
          minmay_gold_behind_fungi, chequers_serial_rivers_small_b,
          xom_teletrap_fun, uniq_crazy_yiuf_cottage, uniq_terence, uniq_natasha,
          uniq_sigmund

Skill      XL: |  1  2  3  4  5  6 |
---------------+-------------------+-----
Polearms       | 3 4 5 |  5.7
Dodging        | 3 4 |  4.3
Fighting       | |  2.0
Throwing       | |  1.5

Action                   |  1- 3 |  4- 6 |  7- 9 || total
-------------------------+-------+-------+-------++-------
Melee: Trident           |   167 |   161 |    12 ||   340
 Stab: Sleeping          |     1 |     1 |       ||     2
       Distracted        |       |     1 |       ||     1
Armor: Leather armour    |    60 |    35 |     1 ||    96
Dodge: Dodged            |   132 |   104 |     2 ||   238
